 Dungeon Crawl Stone Soup version 0.30-a0-168-g0b976cbdc4 (webtiles) character file.

Game seed: 7828416668997159962

19358 squinnward the Marksminotaur (level 12, -5/110 HPs)
             Began as a Minotaur Hunter on Sept 29, 2022.
             Was an Initiate of Gozag.
             Killed by divine providence
             ... invoked by a meliai
              (15 damage)
             ... on level 14 of the Dungeon.
             The game lasted 01:07:39 (15680 turns).

squinnward the Marksminotaur (Minotaur Hunter)     Turns: 15680, Time: 01:07:40

Health: -5/110     AC:  8    Str: 17    XL:     12   Next: 35%
Magic:  11/11      EV: 13    Int: 13    God:    Gozag
Gold:   523        SH: 16    Dex: 18    Spells: 11/11 levels left

rFire   + + .      SeeInvis .    p - +8 sling "Grim" {flame, rCorr Int+3}
rCold   + . .      Faith    .    E - +0 kite shield "Naxtiucs" {Contam +Inv rF+ Int+4}
rNeg    + . .      Spirit   .    q - +3 leather armour {rN+}
rPois   .          Reflect  +    A - +2 hat
rElec   .          Harm     .    L - scarf {rC+ rF+}
rCorr   +          Rampage  .    (no gloves)
Will    .....                    (no boots)
Stlth   +++.......               M - amulet of reflection
HPRegen 0.28/turn                e - +4 ring of slaying
MPRegen 0.12/turn                (no ring)

@: lethally poisoned (-5 -> -27), about to teleport
A: horns 2, retaliatory headbutt
a: Renounce Religion, Evoke Invisibility, Potion Petition, Call Merchant, Bribe
Branch


You were on level 14 of the Dungeon.
You worshipped Gozag.
Gozag was pleased with you.
You visited 1 branch of the dungeon, and saw 15 of its levels.

You collected 2734 gold pieces.
You spent 372 gold pieces at shops.
You paid 1839 gold pieces to Gozag.

Inventory:

Hand Weapons
 p - the +8 sling "Grim" (weapon) {flame, rCorr Int+3}
   (You found it on level 2 of the Dungeon)

   Any ammunition fired from it burns those it strikes, dealing additional fire
   damage.
   Int:       It affects your intelligence (+3).
   rCorr:     It protects you from acid and corrosion.
 K - a +2 dagger of venom
Missiles
 o - 20 poisoned darts
Armour
 c - a +0 leather armour
 q - a +3 leather armour of positive energy (worn)
 A - a +2 hat (worn)
 E - the +0 kite shield "Naxtiucs" (worn) {Contam +Inv rF+ Int+4}
   (You found it on level 5 of the Dungeon)

   Int:       It affects your intelligence (+4).
   rF:        It protects you from fire.
   +Inv:      It lets you turn invisible.
   Contam:    It causes magical contamination when unequipped.
 L - a scarf of resistance (worn)
Jewellery
 e - a +4 ring of slaying (left hand)
 g - a +6 ring of strength
 t - a ring of resist corrosion
 C - a ring of protection from cold
 H - a ring of fire
 M - an amulet of reflection (around neck)
 T - a ring of flight
 W - a ring of flight
 Y - a +6 ring of dexterity
Wands
 a - a wand of digging (5)
 y - a wand of flame (40)
 G - a wand of iceblast (13)
 N - a wand of polymorph (3)
Scrolls
 b - a scroll of immolation
 f - a scroll of enchant weapon {unknown}
 h - 2 scrolls of enchant armour
 j - 8 scrolls of teleportation
 n - 3 scrolls of magic mapping
 r - 3 scrolls of torment
 u - a scroll of fog
 w - 3 scrolls of vulnerability
 x - a scroll of fear {unknown}
 D - a scroll of summoning {unknown}
 I - 2 scrolls of silence
 P - a scroll of noise
 Q - a scroll of poison {unknown}
 R - a scroll of amnesia {unknown}
Potions
 d - 2 potions of berserk rage
 i - 3 potions of resistance
 k - a potion of attraction {unknown}
 l - 7 potions of curing
 s - a potion of ambrosia {unknown}
 v - a potion of heal wounds
 z - a potion of mutation {unknown}
 B - 2 potions of flight {unknown}
 F - 3 potions of brilliance
 J - 2 potions of lignification {unknown}
 O - 2 potions of might
 S - a potion of magic {unknown}
 U - 3 potions of invisibility {unknown}
 X - a potion of degeneration {unknown}


   Skills:
 + Level 11.6 Fighting
 + Level 0.4 Short Blades
 + Level 15.1 Ranged Weapons
 + Level 5.6 Armour
 + Level 5.4 Dodging
 + Level 3.8 Stealth
 + Level 6.2 Shields
 * Level 7.5 Evocations


You had 11 spell levels left.
You didn't know any spells.
Your spell library contained the following spells:

 Spells                   Type           Power      Damage    Failure   Level
 Foxfire                  Conj/Fire      0%         2x1d4     69%         1
 Sting                    Tmut/Pois      0%         1d3       69%         1
 Ensorcelled Hibernation  Hex/Ice        0%         N/A       83%         2
 Passwall                 Tmut/Erth      0%         N/A       83%         2
 Poisonous Vapours        Pois/Air       0%         N/A       83%         2
 Call Canine Familiar     Summ           0%         N/A       96%         3
 Ignite Poison            Fire/Tmut/Pois 0%         N/A       96%         3
 Kindle Blastsparks       Fire/Tloc/Air  0%         2d10      96%         3
 Portal Projectile        Hex/Tloc       0%         N/A       96%         3
 Swiftness                Air            0%         N/A       96%         3
 Fulminant Prism          Conj/Hex       0%         3d6       100%        4
 Iskenderun's Mystic Bla  Conj/Tloc      0%         2d3       100%        4
 Leda's Liquefaction      Hex/Erth       0%         N/A       100%        4
 Olgreb's Toxic Radiance  Pois           0%         N/A       100%        4
 Passage of Golubria      Tloc           0%         N/A       100%        4
 Sticky Flame             Conj/Fire      0%         2d3       100%        4
 Fireball                 Conj/Fire      0%         3d3       100%        5
 Lee's Rapid Deconstruct  Erth           0%         3d5*      100%        5
 Silence                  Hex/Air        0%         N/A       100%        5
 Starburst                Conj/Fire      0%         6d3       100%        6
 Ignition                 Fire           0%         3d3       100%        8
 Lehudib's Crystal Spear  Conj/Erth      0%         10d2      100%        8


Dungeon Overview and Level Annotations

Branches:
Dungeon (15/15)            Temple (0/1) D:5            Lair (0/5) D:11
    Orc (0/2) D:12
 Vaults: D:13-14     Depths: D:15

Altars:
Elyvilon
Gozag
Hepliaklqana
Kikubaaqudgha
Ru
Sif Muna
Xom
Yredelemnul
Zin
The Shining One

Shops:
D:1 !   D:10 [*

Annotations:
D:14 Frances


Innate Abilities, Weirdness & Mutations

You have a pair of horns on your head.
You reflexively headbutt those who attack you in melee.


Message History

The meliai stings you but does no damage.
The meliai attacks as you move away! The meliai hits you with a +0 hand axe.
You block the meliai's attack. The meliai attacks as you move away!
You block the meliai's attack.
The meliai stings you but does no damage.
Your surroundings suddenly seem different.
A manticore and a yak come into view.
Found 22 gold pieces and a glowing sling.
Frances chants phrases taken from a devil's mouth.
The shard of ice hits you! You partially resist.
* * * LOW HITPOINT WARNING * * *
The meliai closely misses you. The meliai misses you.
Okay, then.
As you read the scroll of teleportation, it crumbles to dust.
You feel strangely unstable. You block the meliai's attack.
The meliai stings you but does no damage.
The meliai calls down the wrath of its god upon you.
Something smites you!
* * * LOW HITPOINT WARNING * * *
You block the meliai's attack. x2; The meliai misses you.
You furiously retaliate!
You headbutt the meliai. You block the meliai's attack.
Frances whispers indecipherable words.
The yak bellows!
You feel much better. You block the meliai's attack. The meliai stings you!
* * * LOW HITPOINT WARNING * * *
You block the meliai's attack. The meliai stings you.
* * * LOW HITPOINT WARNING * * *
The meliai misses you. You block the meliai's attack.
The meliai hits you with a +0 hand axe!
* * * LOW HITPOINT WARNING * * *
The meliai stings you.
* * * LOW HITPOINT WARNING * * *
You are lethally poisoned!
The meliai poisons you! The meliai barely misses you. The meliai stings you.
* * * LOW HITPOINT WARNING * * *
The meliai calls down the wrath of its god upon you.
Something smites you!
You die...
Your body crumbles into a pile of gold.

##..#!.....#...#..#..
#..............#......
#........##........#
##..p..#........##
######..#.............#
#.......##p............
#...p...###..ye...4....
#...#.#.##.e..#yy@....$
#.p####.......#@y4H....
#..####.#####.#........
##......... #..........
........... #..........
........... ...........
.........#.
##...Y...)..
.........#. ##....#..#.
....[...... .....#...
..[........


You could see Frances, a manticore, 2 hellwings, a deep elf pyromancer, a yak
and 3 meliai.

Vanquished Creatures
  Gastronok (D:9)
  A two-headed ogre (D:7)
  A boulder beetle (D:12)
  3 skeletal warriors
  Lodul (D:10)
  Pikel (D:8)
  3 deep elf pyromancers
  2 ugly things
  Maurice (D:10)
  A gargoyle (D:11)
  3 unseen horrors
  A komodo dragon (D:10)
  2 efreet
  A kobold demonologist (D:11)
  5 trolls
  The ghost of ImAmAmBug the Shield-Bearer, an amateur FoFi of Okawaru (D:4)
  A hornet (D:10)
  A slime creature (D:12)
  A shadow (D:11)
  4 wraiths
  A wyvern (D:10)
  6 yaks
  9 vampire mosquitoes
  Menkaure (D:5)
  3 acid dragons
  6 orc warriors
  3 ice beasts
  A black bear (D:7)
  8 ogres
  4 centaurs
  4 lemures (D:8)
  2 kobold brigands
  2 necrophages (D:6)
  6 bullfrogs
  2 gnoll sergeants
  3 scorpions
  17 wights
  3 killer bees (D:9)
  3 howler monkeys
  2 hounds
  A gnoll bouda (D:5)
  7 orc priests
  3 jellies
  3 iguanas
  Natasha (thrice) (D:2)
  9 orc wizards
  11 adders
  14 gnolls
  A shadow imp (D:7)
  4 worms
  A dart slug (D:5)
  32 orcs
  6 ball pythons
  11 endoplasms
  3 giant cockroaches
  4 goblins
  5 hobgoblins
  2 jackals (D:1)
  3 quokkas
  7 bats
  6 frilled lizards
  10 kobolds
  3 rats
270 creatures vanquished.

Notes
Turn   | Place    | Note
-------+----------+-------------------------------------------
     0 | D:1      | squinnward the Minotaur Hunter began the quest for the Orb.
     0 | D:1      | Reached XP level 1. HP: 18/18 MP: 0/0
   306 | D:1      | Found Elysut's Distillery.
   314 | D:1      | Reached XP level 2. HP: 25/25 MP: 1/1
   433 | D:1      | Reached skill level 5 in Ranged Weapons
  1036 | D:2      | Found a faded altar of an unknown god.
  1049 | D:2      | Prayed at the altar of an unknown god.
  1049 | D:2      | Became a worshipper of Elyvilon the Healer
  1049 | D:2      | Reached * piety under Elyvilon
  1112 | D:2      | Noticed Natasha
  1124 | D:2      | Killed Natasha
  1125 | D:2      | Reached XP level 3. HP: 22/30 MP: 2/2
  1281 | D:2      | Reached XP level 4. HP: 37/37 MP: 3/3
  1290 | D:2      | Noticed Natasha
  1296 | D:2      | Killed Natasha
  1297 | D:2      | Reached skill level 6 in Ranged Weapons
  1297 | D:2      | Reached skill level 1 in Armour
  1310 | D:2      | Noticed Natasha
  1317 | D:2      | Killed Natasha
  1334 | D:2      | Identified the +8 sling "Grim" {flame, rCorr Int+3}
  1604 | D:2      | Reached XP level 5. HP: 45/45 MP: 4/4
  1623 | D:3      | Reached ** piety under Elyvilon
  1677 | D:3      | Found an ancient bone altar of Kikubaaqudgha.
  1709 | D:3      | Found an opulent altar of Gozag.
  1719 | D:3      | Reached skill level 1 in Stealth
  1726 | D:3      | Fell from the grace of Elyvilon
  1726 | D:3      | Became a worshipper of Gozag Ym Sagoz the Greedy
  2054 | D:3      | Reached skill level 7 in Ranged Weapons
  2628 | D:4      | Found a glowing silver altar of Zin.
  2655 | D:4      | Reached XP level 6. HP: 43/51 MP: 5/5
  2682 | D:4      | Found a runed translucent door.
  2730 | D:4      | Noticed ImAmAmBug's ghost (amateur FoFi)
  3033 | D:4      | Found a sacrificial altar of Ru.
  3070 | D:4      | Reached skill level 8 in Ranged Weapons
  3384 | D:4      | Killed ImAmAmBug's ghost
  3385 | D:4      | Reached skill level 1 in Evocations
  3385 | D:4      | Reached XP level 7. HP: 27/59 MP: 6/6
  3579 | D:5      | Entered Level 5 of the Dungeon
  3612 | D:5      | Found a staircase to the Ecumenical Temple.
  3621 | D:5      | Identified the +0 kite shield "Naxtiucs" {Contam +Inv rF+
                  | Int+4}
  3798 | D:5      | Reached skill level 9 in Ranged Weapons
  3851 | D:5      | Found the +3 woodcutter's axe {vorpal}
  4003 | D:5      | Reached XP level 8. HP: 36/67 MP: 7/7
  4358 | D:5      | Noticed Menkaure
  4364 | D:5      | Killed Menkaure
  4528 | D:5      | Found a hazy altar of Hepliaklqana.
  4697 | D:5      | Reached skill level 5 in Fighting
  4860 | D:6      | Reached skill level 10 in Ranged Weapons
  5151 | D:6      | Reached XP level 9. HP: 78/78 MP: 8/8
  5555 | D:6      | Reached skill level 11 in Ranged Weapons
  6671 | D:8      | Reached skill level 12 in Ranged Weapons
  6672 | D:8      | Reached skill level 1 in Shields
  6827 | D:8      | Noticed Pikel
  6840 | D:8      | Killed Pikel
  6893 | D:8      | Noticed a two-headed ogre
  7233 | D:7      | Killed a two-headed ogre
  7234 | D:7      | Reached XP level 10. HP: 41/90 MP: 9/9
  7547 | D:8      | Found a shimmering blue altar of Sif Muna.
  7880 | D:9      | Found a shimmering altar of Xom.
  7924 | D:9      | Noticed Gastronok
  7939 | D:9      | Killed Gastronok
  7940 | D:9      | Reached skill level 13 in Ranged Weapons
  7990 | D:9      | Found a glowing golden altar of the Shining One.
  8464 | D:9      | Identified the +3 chain mail of Uvim {Harm rElec rC-
                  | Regen+}
  8692 | D:9      | Reached skill level 5 in Evocations
  9108 | D:10     | Entered Level 10 of the Dungeon
  9237 | D:10     | Reached XP level 11. HP: 34/99 MP: 10/10
  9677 | D:10     | Noticed Maurice
  9683 | D:10     | Killed Maurice
  9701 | D:10     | Noticed Lodul
  9722 | D:10     | Killed Lodul
  9723 | D:10     | Reached skill level 10 in Fighting
  9723 | D:10     | Reached skill level 14 in Ranged Weapons
 10204 | D:10     | Found a basalt altar of Yredelemnul.
 10927 | D:10     | Bought a potion of curing for 72 gold pieces
 10927 | D:10     | Bought a potion of heal wounds for 120 gold pieces
 10927 | D:10     | Bought a scroll of blinking for 180 gold pieces
 11311 | D:11     | Noticed a red ugly thing
 11324 | D:11     | Killed a red ugly thing
 11487 | D:11     | Found a staircase to the Lair.
 12170 | D:12     | Noticed a boulder beetle
 12195 | D:12     | Killed a boulder beetle
 12196 | D:12     | Reached skill level 5 in Shields
 12282 | D:12     | Reached skill level 5 in Armour
 12302 | D:12     | Noticed a red ugly thing
 12307 | D:12     | Killed a red ugly thing
 12403 | D:12     | Found a staircase to the Orcish Mines.
 12913 | D:12     | Reached XP level 12. HP: 110/110 MP: 11/11
 13790 | D:13     | Reached skill level 5 in Dodging
 15232 | D:12     | Reached skill level 15 in Ranged Weapons
 15622 | D:13     | You fall into a shaft and drop 2 floors!
 15622 | D:15     | Entered Level 15 of the Dungeon
 15643 | D:15     | Noticed a tengu warrior
 15644 | D:15     | Noticed a tengu warrior
 15655 | D:14     | Noticed a vault guard
 15655 | D:14     | Noticed a vault guard
 15675 | D:14     | Noticed Frances
 15680 | D:14     | Killed from afar by a meliai

Illustrated notes

Levels and vault maps discovered:
D:1:      lemuel_arrival_broad_hall, layout_basic, serial_shops, shop
D:2:      layout_rooms, nicolae_ecumenical_oubliette, uniq_natasha
D:3:      layout_basic, kiku_gazebo_garden_becter, amcnicky_altar_gilded
D:4:      layout_loops_ring, zin_academy, nicolae_ru_path_of_blood,
          ebering_ghost_sewer_d, corexii_hall_statues_u, st_stairs_4
D:5:      layout_basic, general_overflow_altar, minmay_temple_entry_grid,
          dreamdust_wishing_well, pf_guarded_unrand_woodcutter, uniq_menkaure
D:6:      layout_loops_corners
D:7:      layout_basic, minmay_curled_crystal, hex_tiny
D:8:      layout_cave_pools, led_sif_pool, uniq_pikel
D:9:      layout_loops_cross, kennysheep_mini_moat,
          mainiacjoe_overflow_six_doors_small, uniq_gastronok
D:10:     layout_small_grid, lemuel_coloured_pillars_altar,
          hangedman_corner_corridor, uniq_maurice, uniq_lodul
D:11:     layout_long_grid, lair_entry_dummy, dk_noncrumbling_4
D:12:     layout_layer_cave, orc_0_dummy, minmay_circle_x
D:13:     lemuel_ice_statue, layout_rooms, hellmonk_bongcloud_opening, tgw_xom
D:14:     layout_cave_pools, erik_vaults_2, fedhas_altar_fruit_tree, uniq_agnes,
          uniq_frances
D:15:     gammafunk_enter_depths_forms, layout_cave_pools, serial_park_tiny_1,
          hellmonk_ghost_happy_afterlife, trog_hazing_becter

Skill      XL: |  1  2  3  4  5  6  7  8  9 10 11 12 |
---------------+-------------------------------------+-----
Ranged Weapons | 5 6 7 8 9 10 12 13 14 15 | 15.1
Armour         | 1 2 3 4 5 |  5.6
Fighting       | 3 4 6 8 9 11 | 11.6
Stealth        | 1 2 3 |  3.8
Evocations     | 1 2 4 5 6 7 |  7.5
Dodging        | 3 4 5 |  5.4
Shields        | 2 3 5 6 |  6.2
Short Blades   | |  0.4

Action                   |  1- 3 |  4- 6 |  7- 9 | 10-12 || total
-------------------------+-------+-------+-------+-------++-------
Melee: Dagger            |       |       |     1 |     3 ||     4
       Headbutt          |       |       |     1 |       ||     1
 Fire: Shortbow          |    68 |    14 |       |       ||    82
       Sling             |       |    76 |   213 |   421 ||   710
Throw: Throwing net      |       |       |     1 |       ||     1
Invok: Potion Petition   |       |       |     1 |       ||     1
       Call Merchant     |       |       |       |     2 ||     2
Evoke: Wand              |       |       |     6 |     5 ||    11
  Use: Scroll            |       |     6 |     6 |     9 ||    21
       Potion            |       |       |       |    13 ||    13
 Stab: Sleeping          |       |       |       |     1 ||     1
Armor: Leather armour    |     3 |     3 |     8 |    32 ||    46
Dodge: Dodged            |    21 |    11 |    21 |    64 ||   117
Block: Kite shield       |       |       |    37 |   167 ||   204
       Reflection        |       |       |       |    11 ||    11

Table legend: (Time is in decaauts)
 A = Elapsed time spent in this place.
 B = Non-inter-level travel time spent in this place.
 C = Inter-level travel time spent in this place.
 D = Time resting spent in this place.
 E = Time spent auto-exploring this place.
 F = Levels seen in this place.
 G = Mean time per level.
                   A        B        C        D        E       F      G
               +--------+--------+--------+--------+--------+-----+--------+
         Total |  15626 |  15579 |     47 |   4201 |   4987 |  15 | 1041.7 |
       Dungeon |  15626 |  15579 |     47 |   4201 |   4987 |  15 | 1041.7 |
               +--------+--------+--------+--------+--------+-----+--------+

Top non-repeatable levels by time:
    D:11: 2567 daAuts
    D:10: 2123 daAuts
    D:12: 1416 daAuts
     D:5: 1241 daAuts
     D:9: 1216 daAuts
     D:6: 1142 daAuts
     D:7: 1140 daAuts
     D:1: 1088 daAuts
     D:3: 1009 daAuts
     D:4: 960 daAuts
     D:8: 768 daAuts
     D:2: 563 daAuts
    D:13: 333 daAuts
    D:14: 33 daAuts
    D:15: 22 daAuts
